 Dungeon Crawl Stone Soup version 0.30.1-4-g462c640d31 (webtiles) character file.

Game seed: 18431591540314444221

77 Wiggles the Chopper (level 4, -1/61 HPs)
             Began as a Minotaur Berserker on Aug 14, 2023.
             Was a Believer of Trog.
             Slain by a gnoll
             ... wielding a +1 spear of venom
              (6 damage)
             ... on level 2 of the Dungeon.
             The game lasted 00:01:39 (956 turns).

Wiggles the Chopper (Minotaur Berserker)             Turns: 956, Time: 00:01:40

Health: -1/61      AC:  3    Str: 23    XL:     4   Next: 13%
Magic:  3/3        EV: 12    Int:  4    God:    Trog [**....]
Gold:   39         SH:  0    Dex: 10    Spells: 3/3 levels left

rFire   . . .        a - +0 hand axe
rCold   . . .        (no shield)
rNeg    . . .        b - +0 animal skin
rPois   .            (helmet restricted)
rElec   .            (no cloak)
rCorr   .            e - +0 pair of gloves
SInv    .            (no boots)
Will    .....        (no amulet) Stlth
                     (no ring)
HPRegen 0.30/turn    (no ring)
MPRegen 0.08/turn

%: no passive effects
@: berserking (expiring), lethally poisoned (-1 -> -11), very quick
A: horns 2, retaliatory headbutt
a: Renounce Religion, Berserk, Trog's Hand


You were on level 2 of the Dungeon.
You worshipped Trog.
Trog was pleased with you.
You visited 1 branch of the dungeon, and saw 2 of its levels.

You collected 39 gold pieces.

Inventory:

Hand Weapons
 a - a +0 hand axe (weapon)
Armour
 b - a +0 animal skin (worn)
 e - a +0 pair of gloves (worn)
Jewellery
 h - a ring of protection from cold
Scrolls
 c - a scroll of brand weapon {unknown}
 d - a scroll of poison {unknown}
 f - a scroll of enchant armour {unknown}
 g - a scroll of teleportation {unknown}
Potions
 i - a potion of curing {unknown}


   Skills:
 + Level 4.5 Fighting
 + Level 4.5 Axes
 + Level 3.0 Armour
 + Level 2.8 Dodging
 + Level 0.3 Stealth


You had 3 spell levels left.
You didn't know any spells.
Your spell library was empty.

Dungeon Overview and Level Annotations

Branches:
Dungeon (2/15)

Altars:
Elyvilon

Shops:
D:2 =


Innate Abilities, Weirdness & Mutations

You have a pair of horns on your head.
You reflexively headbutt those who attack you in melee.


Message History

The gnoll closely misses you.
You feel very sick.
You slash the gnoll! Your headbutt misses the gnoll.
The gnoll is severely wounded.
You closely miss the gnoll.
You feel very sick.
The gnoll barely misses you. x2; The gnoll closely misses you.
You slash the gnoll!
You kill the gnoll!
Trog accepts your kill.
You slash the gnoll!
You feel sick.
The gnoll hits you from afar with a +1 spear of venom.
You are lethally poisoned!
The gnoll hits you but does no damage.
* * * LOW HITPOINT WARNING * * *
You feel very sick.
You see here a +0 halberd.
You slash the gnoll!
You kill the gnoll!
Trog accepts your kill.
* * * LOW HITPOINT WARNING * * *
You feel very sick. The gnoll closely misses you.
A frilled lizard comes into view.
You have reached level 4!
You feel agile.
* * * LOW HITPOINT WARNING * * *
You feel very sick. The gnoll closely misses you.
Things that are here:
a +0 halberd; a gnoll corpse You feel a strong urge to attack something.
* * * LOW HITPOINT WARNING * * *
You feel sick.
You slash the gnoll!
The gnoll is almost dead.
* * * LOW HITPOINT WARNING * * *
You feel sick.
The gnoll hits you with a +1 spear of venom.
You die...

##........# l.. ..?#########..
... ...## ### .. ....##########
(. ...........#.. #
.##.............. #.
................
#.###††........)..#. ####
#..@)).............. ##..####
###g)............##.
#..#...####.....#.......†....
##.#.....##................#.# ##
#.(#..∩..#.......#.........#.#
.###..#.....#.................#..
..##...#...#....##.#.............
.....#..###.#####....###.....###.
...#######.†###.....#####..#..##.


You could see a gnoll.

Vanquished Creatures
  3 gnolls (D:2)
  An adder (D:2)
  3 bats (D:1)
  3 endoplasms
  A giant cockroach (D:1)
  3 goblins (D:1)
  2 hobgoblins (D:2)
  2 jackals (D:2)
  6 quokkas
  3 ball pythons
  3 frilled lizards (D:1)
  A kobold (D:1)
  6 rats
37 creatures vanquished.

Notes
Turn   | Place    | Note
-------+----------+-------------------------------------------
     0 | D:1      | Wiggles the Minotaur Berserker began the quest for the Orb.
     0 | D:1      | Reached XP level 1. HP: 19/19 MP: 0/0
   218 | D:1      | Reached XP level 2. HP: 22/27 MP: 1/1
   551 | D:1      | Reached ** piety under Trog
   718 | D:2      | Reached XP level 3. HP: 29/33 MP: 2/2
   809 | D:2      | Found a white marble altar of Elyvilon.
   847 | D:2      | Found Novow's One-of-a-Kind Rings.
   954 | D:2      | Reached XP level 4. HP: 11/41 MP: 3/3
   956 | D:2      | Slain by a gnoll

Illustrated notes

Levels and vault maps discovered:
D:1:      kennysheep_arrival_forest, layout_loops_cross
D:2:      layout_rooms, basic_altar, nicolae_shop_unique_rings

Skill      XL: |  1  2 |
---------------+-------+-----
Armour         | 3 |  3.0
Fighting       | 4 |  4.5
Axes           | 4 |  4.5
Dodging        | |  2.8
Stealth        | |  0.3

Action                     |  1- 3 |  4- 6 || total
---------------------------+-------+-------++-------
  Melee: Hand axe          |    61 |     1 ||    62
         Headbutt          |     6 |       ||     6
         Punch             |     2 |       ||     2
 Invoke: Berserk           |     1 |       ||     1
 Armour: Animal skin       |    11 |       ||    11
  Dodge: Dodged            |    49 |     1 ||    50
